 Dungeon Crawl Stone Soup version 0.24.1-11-gbbbb2193e6 (webtiles) character file.

Game seed: 4122685143659585706, levelgen mode: deterministic

668 Hugehornet the Changer (level 7, 0/43 HPs)
             Began as an Octopode Transmuter on May 10, 2020.
             Succumbed to a worker ant's poison
             ... on level 4 of the Dungeon.
             The game lasted 00:06:44 (5225 turns).

Hugehornet the Changer (Octopode Transmuter)        Turns: 5225, Time: 00:06:44

Health: 0/43       AC:  1    Str:  9    XL:     7   Next: 58%
Magic:  11/12      EV: 13    Int: 17    God:
Gold:   118        SH:  0    Dex: 13    Spells: 3/13 levels left

rFire    . . .     SeeInvis .     - Unarmed
rCold    . . .     Gourm    .   (no shield)
rNeg     . . .     Faith    .   (helmet restricted)
rPois    .         Spirit   .   (no amulet)
rElec    .         Reflect  .   h - ring of flight
rCorr    .         Harm     .   (no ring)
MR       .....                  (no ring)
Stlth    ++........             (no ring)
HPRegen  0.14/turn              (no ring)
MPRegen  0.13/turn              (no ring)
                                (no ring)
                                (no ring)

@: lethally poisoned (0 -> -8), appendage, lightly drained
A: almost no armour, stealthy swim, amphibious, 8 rings, constrict 8, tentacle
spike 3, camouflage 1, gelatinous body 1
a: End Transformation, Evoke Flight


You were on level 4 of the Dungeon.
You were hungry.
One of your tentacles had a temporary spike.
You visited 1 branch of the dungeon, and saw 4 of its levels.

You collected 118 gold pieces.

Inventory:

Missiles
 a - 37 arrows
Jewellery
 h - a ring of flight (left tentacle)
 m - an uncursed ring of ice
Scrolls
 d - a scroll of enchant weapon
 e - 3 scrolls of teleportation
 g - a scroll of noise {unknown}
 i - a scroll of enchant armour {unknown}
 l - a scroll of blinking {unknown}
 n - a scroll of fog {unknown}
 o - a scroll of remove curse {unknown}
Potions
 b - a potion of might
 f - 4 potions of flight
Comestibles
 c - 5 rations
 p - 3 chunks of flesh


   Skills:
 - Level 1.0(0.9) Fighting
 - Level 2.0(1.9) Dodging
 + Level 4.4 Unarmed Combat
 + Level 3.7 Spellcasting
 * Level 4.6 Transmutations
 * Level 3.3(3.2) Ice Magic
 - Level 3.1(3.0) Poison Magic


You had 3 spell levels left.
You knew the following spells:

 Your Spells              Type           Power        Failure   Level  Hunger
a - Beastly Appendage     Tmut           ###...       2%          1    None
b - Sticks to Snakes      Tmut           ###.....     3%          2    ##.....
c - Spider Form           Tmut/Pois      ###.......   10%         3    ###....
d - Ice Form              Ice/Tmut       ###.....     32%         4    ####...

Your spell library contained the following spells:

 Spells                   Type           Power        Failure   Level  Hunger
 Blade Hands              Tmut           ###.......   54%         5    ######.


Dungeon Overview and Level Annotations

Branches:
Dungeon (4/15)
 Temple: D:4-7

Altars:


Innate Abilities, Weirdness & Mutations

You cannot wear most types of armour.
You are very stealthy in the water. (Stealth+)
You are amphibious.
You can wear up to eight rings at the same time.
You can use your tentacles to constrict eight enemies at once.
Your skin changes colour to match your surroundings (Stealth+).
Your rubbery body absorbs attacks. (AC +1, EV +1)
One of your tentacles bears a large vicious spike.


Message History

* * * LOW HITPOINT WARNING * * *
You feel sick.
The orc priest hits you with a +0 hand axe.
* * * LOW HITPOINT WARNING * * *
It was a potion of cancellation.
Your magical effects are unravelling.
You feel magically purged.
Your tentacle spike disappears.
You constrict the orc priest, but do no damage.
The orc priest closely misses you.
Casting: Beastly Appendage (safe; 2% risk of failure)
Confirm with . or Enter, or press ? or * to list all spells.
One of your tentacles grows a vicious spike.
You constrict the orc priest.
* * * LOW HITPOINT WARNING * * *
You feel sick. The orc priest misses you.
You tentacle-slap the orc priest but do no damage.
The orc priest is heavily wounded.
You constrict the orc priest, but do no damage.
You die...

##......# .#### ##..o..## ##
######...# .. #####
#........#.# #....
##.#####....# #.###
##..##..o.#### #..#.
###..###....# ###...
#..........##############....#
########...oo@)))....##...####
#...########.....######
#...######...###.......
......o.....### ########
##############


You could see an orc priest and an orc.

Vanquished Creatures
  Edmund (D:4)
  2 ogres (D:4)
  A bullfrog (D:3)
  An orc priest (D:4)
  A centaur skeleton (D:4)
  2 orc wizards (D:4)
  A worker ant (D:4)
  Robin (D:3)
  3 gnolls (D:2)
  6 adders
  2 oozes (D:1)
  A worm (D:3)
  A dart slug (D:1)
  A leopard gecko (D:1)
  9 orcs
  A ball python (D:1)
  6 giant cockroaches
  8 goblins
  12 hobgoblins
  9 kobolds
  3 quokkas
  6 bats
  4 frilled lizards
  5 rats
87 creatures vanquished.

Notes
Turn   | Place    | Note
-------+----------+-------------------------------------------
     0 | D:1      | Hugehornet the Octopode Transmuter began the quest for the
                  | Orb.
     0 | D:1      | Reached XP level 1. HP: 13/13 MP: 3/3
   338 | D:1      | Reached XP level 2. HP: 13/18 MP: 3/5
   342 | D:1      | Learned a level 2 spell: Sticks to Snakes
   628 | D:1      | Reached XP level 3. HP: 15/23 MP: 6/6
   633 | D:1      | Learned a level 3 spell: Spider Form
  1410 | D:2      | Reached skill level 1 in Poison Magic
  1638 | D:2      | Reached XP level 4. HP: 20/28 MP: 3/8
  3088 | D:3      | Reached XP level 5. HP: 27/33 MP: 7/9
  3231 | D:3      | Noticed Robin
  3268 | D:3      | Killed Robin
  3356 | D:3      | Learned a level 4 spell: Ice Form
  3972 | D:3      | Reached skill level 1 in Ice Magic
  3972 | D:3      | Reached XP level 6. HP: 15/38 MP: 10/10
  4786 | D:4      | Reached XP level 7. HP: 34/43 MP: 6/12
  5050 | D:4      | Noticed Edmund
  5065 | D:4      | Killed Edmund
  5222 | D:4      | HP: 2/43 [orc priest/+0 hand axe (6)]
  5225 | D:4      | Succumbed to a worker ant's poison

Levels and vault maps discovered:
D:1:      ncdulo_wetmaze, layout_basic
D:2:      layout_loops_corners
D:3:      layout_basic, uniq_robin
D:4:      layout_rooms, minitemple, uniq_edmund

Skill      XL: |  1  2  3  4  5  6  7 |
---------------+----------------------+-----
Transmutations | 3 4 |  4.6
Poison Magic   | 1 2 3 |  3.1
Spellcasting   | 3 |  3.7
Ice Magic      | 1 2 3 |  3.3
Unarmed Combat | 4 |  4.4
Fighting       | |  1.0
Dodging        | |  2.0

Action                   |  1- 3 |  4- 6 |  7- 9 || total
-------------------------+-------+-------+-------++-------
Melee: Unarmed           |    73 |   136 |    36 ||   245
       Constrict         |    25 |    33 |     7 ||    65
       Kick              |    17 |    24 |     8 ||    49
       Tentacles         |    12 |    14 |     6 ||    32
       Punch             |       |     2 |     1 ||     3
 Cast: Beastly Appendage |    16 |    25 |     5 ||    46
       Spider Form       |     1 |     4 |     1 ||     6
  Use: Scroll            |       |     5 |       ||     5
       Potion            |       |       |     3 ||     3
 Stab: Sleeping          |     1 |     5 |       ||     6
  Eat: Chunk             |     2 |    11 |     1 ||    14
Armor: Skin              |     5 |     3 |     4 ||    12
Dodge: Dodged            |    62 |    61 |    16 ||   139
